 Dungeon Crawl Stone Soup version 0.31-a0-18-gea43df2a32 (webtiles) character file.

Game seed: 3710396134632617633

163 ders the Digger (level 5, -2/28 HPs)
             Began as a Gargoyle Earth Elementalist on May 10, 2023.
             Killed by nerve-wracking pain
             ... invoked by a shadow imp
             ... summoned by Eustachio
              (6 damage)
             ... on level 4 of the Dungeon.
             The game lasted 00:02:55 (2393 turns).

ders the Digger (Gargoyle Earth Elementalist)       Turns: 2393, Time: 00:02:55

Health: -2/28      AC:  6    Str: 11    XL:     5   Next: 44%
Magic:  0/10       EV: 12    Int: 18    God:
Gold:   267        SH:  0    Dex: 16    Spells: 7/11 levels left

rFire   . . .        i - +0 spear
rCold   . . .        (no shield)
rNeg    + . .        a - +0 robe
rPois   ∞            (no helmet)
rElec   +            (no cloak)
rCorr   .            (no gloves)
SInv    .            (no boots)
Will    .....        (no amulet)
Stlth   ++           k - +6 ring of dexterity
HPRegen 0.24/turn    (no ring)
MPRegen 0.12/turn

%: no passive effects
@: no status effects
A: sickness immunity, AC +4, negative energy resistance 1, electricity
resistance, torment resistance 1, petrification resistance
a: no special abilities


You were on level 4 of the Dungeon.
You visited 1 branch of the dungeon, and saw 5 of its levels.

You collected 267 gold pieces.

Inventory:

Hand Weapons
 i - a +0 spear (weapon)
Armour
 a - a +0 robe (worn)
Jewellery
 k - a +6 ring of dexterity (left hand)
Scrolls
 d - a scroll of brand weapon {unknown}
 e - a scroll of torment {unknown}
 f - 2 scrolls of teleportation {unknown}
 g - a scroll of poison {unknown}
 j - 2 scrolls of identify {unknown}
 l - a scroll of magic mapping {unknown}
 n - a scroll of noise {unknown}
 p - a scroll of amnesia {unknown}
 q - a scroll of enchant weapon {unknown}
Potions
 b - a potion of magic
 c - a potion of heal wounds {unknown}
 h - 5 potions of curing {unknown}
 m - a potion of invisibility {unknown}
 o - a potion of brilliance {unknown}


   Skills:
 - Level 1.5 Dodging
 - Level 2.1 Stealth
 + Level 3.8 Spellcasting
 - Level 0.7 Transmutations
 + Level 5.6 Earth Magic


You had 7 spell levels left.
You knew the following spells:

 Your Spells              Type           Power      Damage    Failure   Level
a - Sandblast             Erth           46%        2d11      1%          1
b - Stone Arrow           Conj/Erth      26%        3d8       14%         3

Your spell library contained the following spells:

 Spells                   Type           Power      Damage    Failure   Level
 Passwall                 Tmut/Erth      11%        N/A       6%          2
 Petrify                  Tmut/Erth      14%        N/A       38%         4


Dungeon Overview and Level Annotations

Branches:
Dungeon (5/15)
 Temple: D:4-7

Altars:
Nemelex Xobeh

Annotations:
D:4 Eustachio


Innate Abilities, Weirdness & Mutations

You are immune to sickness and miasma.
Your stone body is resilient. (AC +4)
You are immune to poison.
You resist negative energy. (rN+)
You are resistant to electric shocks. (rElec)
You are resistant to unholy torment.
You are immune to petrification.


Message History

Aiming: Sandblast (safe; 1% risk of failure)
Press: ? - help, Shift-Dir - straight line, f/p - Eustachio
Aim: Eustachio, wielding a +1 rapier of protection, wearing a +0 leather armour and carrying a wand of flame (14) (heavily wounded, 76% to hit)
The blast of sand hits Eustachio but does no damage.
Eustachio is heavily wounded.
The crimson imp hits you but does no damage.
The shadow imp hits you.
The giant cockroach bites you but does no damage.
The rat bites you. The shadow imp completely misses you.
Eustachio casts a spell.
Eustachio blinks!
The crimson imp hits you but does no damage.
Unknown command.
Casting: Sandblast (safe; 1% risk of failure)
Confirm with . or Enter, or press ? or * to list all spells.
Aiming: Sandblast (safe; 1% risk of failure)
Press: ? - help, Shift-Dir - straight line, f/p - Eustachio
Aim: Eustachio, wielding a +1 rapier of protection, wearing a +0 leather armour and carrying a wand of flame (14) (heavily wounded, 76% to hit)
The blast of sand hits Eustachio but does no damage.
Eustachio is heavily wounded.
The giant cockroach bites you. The rat bites you but does no damage.
The giant cockroach bites you. The crimson imp hits you.
The shadow imp barely misses you.
Eustachio hits you with a +1 rapier of protection.
The rat bites you but does no damage.
Unknown command.
Casting: Sandblast (safe; 1% risk of failure)
Confirm with . or Enter, or press ? or * to list all spells.
Aiming: Sandblast (safe; 1% risk of failure)
Press: ? - help, Shift-Dir - straight line, f/p - Eustachio
Aim: Eustachio, wielding a +1 rapier of protection, wearing a +0 leather armour and carrying a wand of flame (14) (heavily wounded, 76% to hit)
The blast of sand misses Eustachio.
The giant cockroach misses you. The crimson imp misses you.
The shadow imp barely misses you. Eustachio misses you.
The rat barely misses you. The giant cockroach barely misses you.
The crimson imp barely misses you.
Eustachio hits you with a +1 rapier of protection.
* * * LOW HITPOINT WARNING * * *
The shadow imp gestures at you. Pain shoots through your body!
You die...

.. .# #.# #..
##.$
#.#####w.###...
......Br5......
#. #5@# #.
###@## ##.
##.##rr5# #..
#.....### ...
#....## ###.# .
#....#).###...#
... #..#.
##..#..####.....
.. #
##.............
##.##..###.....


You could see Eustachio, a worm, a crimson imp (summoned), a river rat
(summoned), a shadow imp (summoned), an ufetubus (summoned), a giant cockroach
and 2 rats.

Vanquished Creatures
  Natasha (thrice) (D:2)
  2 adders (D:2)
  A worm (D:3)
  A dart slug (D:1)
  3 orcs (D:5)
  6 ball pythons
  5 endoplasms
  3 giant cockroaches
  4 goblins
  6 hobgoblins
  5 jackals
  3 quokkas
  2 bats
  3 frilled lizards (D:2)
  11 kobolds
  5 rats
63 creatures vanquished.

Notes
Turn   | Place    | Note
-------+----------+-------------------------------------------
     0 | D:1      | ders the Gargoyle Earth Elementalist began the quest for
                  | the Orb.
     0 | D:1      | Reached XP level 1. HP: 10/10 MP: 3/3
   108 | D:1      | Reached XP level 2. HP: 11/15 MP: 0/5
   172 | D:1      | Reached skill level 4 in Earth Magic
   617 | D:1      | Reached XP level 3. HP: 19/19 MP: 3/6
   623 | D:1      | Learned a level 3 spell: Stone Arrow
   732 | D:1      | Found a faded altar of an unknown god.
   916 | D:2      | Noticed Natasha
   920 | D:2      | Killed Natasha
  1000 | D:2      | Noticed Natasha
  1004 | D:2      | Killed Natasha
  1005 | D:2      | Reached skill level 5 in Earth Magic
  1005 | D:2      | Reached XP level 4. HP: 24/24 MP: 4/8
  1394 | D:2      | Noticed Natasha
  1403 | D:2      | Killed Natasha
  1404 | D:2      | Reached XP level 5. HP: 15/28 MP: 1/10
  1558 | D:2      | Found a sparkling altar of Nemelex Xobeh.
  1925 | D:3      | You fall into a shaft and drop 2 floors!
  1925 | D:5      | Entered Level 5 of the Dungeon
  2378 | D:4      | Noticed Eustachio
  2393 | D:4      | Killed from afar by a shadow imp

Illustrated notes

Levels and vault maps discovered:
D:1:      dpeg_arrival_another_circle, layout_rooms,
          shapermc_ecumenical_altar_venn, minmay_gold_behind_fungi,
          st_stairs_12, minmay_misc_feat_chi
D:2:      layout_basic, basic_altar, st_stairs_3, minmay_surrounded,
          uniq_natasha
D:3:      minmay_general_purpose_star, layout_loops_ring
D:4:      layout_rooms, grunt_temple_overflow_champion_of_chaos, uniq_robin,
          uniq_eustachio
D:5:      layout_loops_corners

Skill      XL: |  1  2  3 |
---------------+----------+-----
Earth Magic    | 4 5 |  5.6
Spellcasting   | 3 |  3.8
Dodging        | |  1.5
Stealth        | |  2.1
Transmutations | |  0.7

Action                     |  1- 3 |  4- 6 || total
---------------------------+-------+-------++-------
  Melee: Unarmed           |     1 |       ||     1
         Spear             |     1 |       ||     1
   Cast: Sandblast         |    38 |    61 ||    99
 Armour: Robe              |     3 |    22 ||    25
  Dodge: Dodged            |     5 |    43 ||    48

Table legend: (Time is in decaauts)
 A = Elapsed time spent in this place.
 B = Non-inter-level travel time spent in this place.
 C = Inter-level travel time spent in this place.
 D = Time resting spent in this place.
 E = Time spent auto-exploring this place.
 F = Levels seen in this place.
 G = Mean time per level.
                   A        B        C        D        E       F      G
               +--------+--------+--------+--------+--------+-----+--------+
         Total |   2449 |   2384 |     65 |    176 |   1860 |   5 |  489.8 |
       Dungeon |   2449 |   2384 |     65 |    176 |   1860 |   5 |  489.8 |
               +--------+--------+--------+--------+--------+-----+--------+

Top non-repeatable levels by time:
     D:2: 939 daAuts
     D:1: 930 daAuts
     D:5: 324 daAuts
     D:4: 156 daAuts
     D:3: 98 daAuts
